 Dungeon Crawl Stone Soup version 0.30-a0-718-geaa24f58ff (webtiles) character file.

Game seed: 10760902412726913641

18 kae the Insei (level 2, -3/21 HPs)
             Began as a Demonspawn Transmuter on Jan 25, 2023.
             Killed by an exploding jackal (9 damage)
             ... ignited by their inner flame
             ... on level 1 of the Dungeon.
             The game lasted 00:00:55 (387 turns).

kae the Insei (Demonspawn Transmuter)                Turns: 387, Time: 00:00:56

Health: -3/21      AC:  2    Str: 10    XL:     2   Next: 48%
Magic:  5/5        EV: 12    Int: 14    God:
Gold:   63         SH:  0    Dex: 13    Spells: 4/5 levels left

rFire   . . .      SeeInvis .      - Unarmed
rCold   . . .      Faith    .    (no shield)
rNeg    . . .      Spirit   .    a - +0 robe
rPois   .          Reflect  .    (helmet currently unavailable)
rElec   .          Harm     .    (no cloak)
rCorr   .          Rampage  .    (no gloves)
Will    .....                    (boots currently unavailable)
Stlth   +                        (no amulet)
HPRegen 0.23/turn                (no ring)
MPRegen 0.09/turn                (no ring)

@: appendages (expiring)
A: horns 2, talons 2, demonic guardian 1
a: End Transformation


You were on level 1 of the Dungeon.
You had temporarily grown beastly horns and talons.
You visited 1 branch of the dungeon, and saw 1 of its levels.

You collected 63 gold pieces.


Innate Abilities, Weirdness & Mutations

You have temporarily grown beastly horns and talons.
A weak demonic guardian rushes to your aid.


   Skills:
 - Level 1.0 Fighting
 - Level 1.7 Dodging
 + Level 2.9 Unarmed Combat
 + Level 2.2 Spellcasting
 * Level 2.3 Transmutations


You had 4 spell levels left.
You knew the following spells:

 Your Spells              Type           Power      Damage    Failure   Level
a - Beastly Appendage     Tmut           16%        N/A       9%          1

Your spell library contained the following spells:

 Spells                   Type           Power      Damage    Failure   Level
 Wereblood                Tmut           8%         N/A       13%         2
 Passwall                 Tmut/Erth      3%         N/A       22%         2
 Freeze                   Ice            4%         1d3       24%         1
 Ensorcelled Hibernation  Hex/Ice        2%         N/A       34%         2
 Spider Form              Tmut/Pois      4%         N/A       38%         3
 Frozen Ramparts          Ice            2%         1d1       56%         3
 Hailstorm                Conj/Ice       1%         3d3       56%         3
 Swiftness                Air            1%         N/A       56%         3
 Ice Form                 Ice/Tmut       4%         N/A       80%         4

Inventory:

Armour
 a - a +0 robe (worn)
Magical Staves
 c - a staff of cold {!a}
   (You found it on level 1 of the Dungeon)
Scrolls
 d - a scroll of identify {@r1}
Potions
 b - a potion of lignification {!q}

Dungeon Overview and Level Annotations

Branches:
Dungeon (1/15) Zot: 5609

Altars:

! # ..#. ##
.....#.##
......hh####
#...h†5#.##
)...####§.§.## #
## ##§§..## ..
##@...# .....#...~
#.###.###
......~~~ #.....#
.....~~~≈
####.####
....~~≈≈≈ #....#
#...~~≈≈≈ #....#
#..~~≈≈≈≈
#....#####..~~≈≈≈#
#.........).~~≈≈##
#....#####†~~≈≈≈#.


You could see 3 jackals and a friendly white imp (summoned, inner flame).


Message History

There's nothing to open nearby.
There's nothing to open nearby.
There's nothing to open nearby.
There's nothing to open nearby.
Unknown command.
There's nothing to open nearby.
There's nothing to open nearby.
Your magical contamination has completely faded away.
A jackal comes into view.
You see here a staff of earth {!a}.
A jackal is nearby!
A jackal is nearby!
A jackal is nearby!
Casting: Beastly Appendage (safe; 9% risk of failure)
Confirm with . or Enter, or press ? or * to list all spells.
You grow a pair of large bovine horns.
Your feet morph into talons.
A jackal comes into view. 2 jackals come into view.
The jackal barks!
You hear a bark!
The jackal bites you.
A jackal comes into view. 😕 HP[-2]
You take 2 damage, and now have 19/21 hp.
There are monsters nearby!
The jackal barks!
You hit the jackal. You claw the jackal. Your headbutt misses the jackal.
A jackal comes into view.
The jackal bites you.
A jackal comes into view.
The jackal bites you but does no damage.
The jackal moves out of view.
The jackal barks!
You hit the jackal but do no damage. You claw the jackal.
You kill the jackal!
There are monsters nearby!
A jackal comes into view.
The jackal bites you but does no damage.
You see here a jackal corpse.
You closely miss the jackal.
The jackal barks!
You claw the jackal. 😕 HP[-2]
You take 2 damage, and now have 17/21 hp.
You hit the jackal.
You kill the jackal!
The jackal closely misses you. The jackal bites you.
You completely miss the jackal. You claw the jackal, but do no damage.
The jackal completely misses you. The jackal bites you. x3
* * * LOW HITPOINT WARNING * * *
A demonic guardian appears!
The jackal closely misses you. 😨 HP[-8]
You take 8 damage, and now have 9/21 hp.
MASSIVE DAMAGE!! (PAUSE)
You are too injured to fight recklessly!
You are too injured to fight recklessly!
You are too injured to fight recklessly!
You are too injured to fight recklessly!
Unknown command.
The jackal attacks as you move away! The jackal bites you.
* * * LOW HITPOINT WARNING * * *
The jackal closely misses your white imp.
Your white imp barely misses the jackal. 😨 HP[-2]
You take 2 damage, and now have 7/21 hp.
Okay, then.
Okay, then.
As you read the scroll labelled LOAFIE DEIREUM, it crumbles to dust.
The creatures around you are filled with an inner flame!
It was a scroll of immolation.
The jackal bites you but does no damage.
The jackal barely misses your white imp.
The jackal closely misses your white imp.
Your white imp hits the jackal but does no damage.
The jackal barely misses your white imp.
Unknown command.
As you read the scroll labelled YLIFFA JING, it crumbles to dust.
It is a scroll of identify.
You don't currently have any unidentified items.
The jackal bites you.
* * * LOW HITPOINT WARNING * * *
The jackal barely misses your white imp.
Your white imp closely misses the jackal. 😨 HP[-1] MP[+1]
You take 1 damage, and now have 6/21 hp.
Your mp is fully restored (5).
Unknown command.
The jackal attacks as you move away! The jackal closely misses you.
The jackal barely misses your white imp.
Your white imp hits the jackal but does no damage.
Unknown command.
Your transformation is almost over.
Your white imp gestures at the jackal.
The puff of frost hits the jackal!
The jackal explodes!
Your demonic guardian avoids your attack.
The fiery explosion engulfs the jackal!!!
The jackal explodes!
The fiery explosion engulfs the jackal!!
The fiery explosion engulfs you!
You die...

Skill      XL: |  1 |
---------------+----+-----
Transmutations | 2 |  2.3
Fighting       | |  1.0
Dodging        | |  1.7
Unarmed Combat | |  2.9
Spellcasting   | |  2.2

Action                     || total
---------------------------++-------
  Melee: Unarmed           ||    45
         Kick              ||    13
         Headbutt          ||     5
   Cast: Beastly Appendage ||    10
    Use: Scroll            ||     2
 Armour: Robe              ||     8
  Dodge: Dodged            ||    30

Levels and vault maps discovered:
D:1:      minmay_arrival_shoal_huts, layout_rooms,
          shapermc_ecumenical_altar_mp_ritualfount, st_stairs_12,
          nicolae_figureground_pulse

Notes
Turn   | Place    | Note
-------+----------+-------------------------------------------
     0 | D:1      | kae the Demonspawn Transmuter began the quest for the Orb.
     0 | D:1      | Reached XP level 1. HP: 15/15 MP: 3/3
     0 | D:1      | magus.rc [v1.11.3]
     1 | D:1      | You pick up a book of Frost and begin reading...
     1 | D:1      | You add the spells Freeze, Frozen Ramparts and Hailstorm to
                  | your library.
   123 | D:1      | Reached skill level 2 in Transmutations
   151 | D:1      | Found a faded altar of an unknown god.
   205 | D:1      | Gained mutation: A weak demonic guardian rushes to your
                  | aid. [demonic ancestry]
   205 | D:1      | Reached XP level 2. HP: 16/21 MP: 1/5
   291 | D:1      | You pick up a book of Burglary and begin reading...
   291 | D:1      | You add the spells Passwall, Ensorcelled Hibernation and
                  | Swiftness to your library.
   387 | D:1      | Killed by an exploding jackal... ignited by their inner
                  | flame

Vanquished Creatures
  4 ball pythons (D:1)
  An endoplasm (D:1)
  2 giant cockroaches (D:1)
  2 goblins (D:1)
  4 jackals (D:1)
  2 kobolds (D:1)
  A quokka (D:1)
  2 frilled lizards (D:1)
18 creatures vanquished.

Vanquished Creatures (collateral kills)
  A jackal (D:1)
1 creature vanquished.

Grand Total: 19 creatures vanquished

Table legend:
 A = Non-vault XP
 B = Vault XP
 C = Vault XP percentage of total XP
 D = Non-vault monster count
 E = Vault monster count
 F = Vault count percentage of total count
                 A         B        C        D         E       F
            +---------+---------+-------+---------+---------+-------
      Total |      30 |       2 |   6.2 |      17 |       2 |  10.5
            +---------+---------+-------+---------+---------+-------
        D:1 |      30 |       2 |   6.2 |      17 |       2 |  10.5
            +---------+---------+-------+---------+---------+-------

Illustrated notes

Table legend:
 A = Kills in this place as a percentage of kills in entire the game.
 B = Kills by you in this place as a percentage of kills by you in the entire game.
 C = Kills by friends in this place as a percentage of kills by friends in the entire game.
 D = Other kills in this place as a percentage of other kills in the entire game.
 E = Experience gained in this place as a percentage of experience gained in the entire game.
 F = Experience gained in this place divided by the number of levels of this place that you have seen.
                   A       B       C       D       E      F
               +-------+-------+-------+-------+-------+----------------------
         Total | 100.0 | 100.0 | 100.0 |   N/A | 100.0 |  32.0
       Dungeon | 100.0 | 100.0 | 100.0 |   N/A | 100.0 |  32.0
               +-------+-------+-------+-------+-------+----------------------

Table legend: (Time is in decaauts)
 A = Elapsed time spent in this place.
 B = Non-inter-level travel time spent in this place.
 C = Inter-level travel time spent in this place.
 D = Time resting spent in this place.
 E = Time spent auto-exploring this place.
 F = Levels seen in this place.
 G = Mean time per level.
                   A        B        C        D        E       F      G
               +--------+--------+--------+--------+--------+-----+--------+
         Total |    389 |    389 |      0 |      0 |    271 |   1 |  389.0 |
       Dungeon |    389 |    389 |      0 |      0 |    271 |   1 |  389.0 |
               +--------+--------+--------+--------+--------+-----+--------+

Top non-repeatable levels by time:
     D:1: 389 daAuts
